 Dungeon Crawl Stone Soup version 0.27-a0-679-g77a6b55cf3 (webtiles) character file.

Game seed: 11455666474011331134

212 jestyr24 the Sneak (level 5, -3/35 HPs)
             Began as a Demonspawn Fire Elementalist on Mar 18, 2021.
             Was a Believer of Nemelex Xobeh.
             Slain by a hellwing (11 damage)
             ... summoned by the player character
             ... on level 4 of the Dungeon.
             The game lasted 00:18:23 (3977 turns).

jestyr24 the Sneak (Demonspawn Fire Elementalist)   Turns: 3977, Time: 00:18:24

Health: -3/35      AC:  2    Str:  8    XL:     5   Next: 58%
Magic:  9/9        EV: 12    Int: 17    God:    Nemelex Xobeh [**....]
Gold:   105        SH:  0    Dex: 16    Spells: 9/10 levels left

rFire    . . .     SeeInvis .   k - +3 mace
rCold    . . .     Faith    .   (no shield)
rNeg     . . .     Spirit   .   a - +0 robe
rPois    .         Reflect  .   (no helmet)
rElec    .         Harm     .   (no cloak)
rCorr    .         Rampage  .   (no gloves)
Will     .....                  (no boots)
Stlth    ++++......             (no amulet)
HPRegen  0.11/turn              (no ring)
MPRegen  0.11/turn              (no ring)

@: no status effects
A: thin skeletal structure 1, ignite blood 1, powered by pain 1
a: Renounce Religion, Draw Escape, Draw Destruction, Draw Summoning


You were on level 4 of the Dungeon.
You worshipped Nemelex Xobeh.
Nemelex Xobeh was pleased with you.
You visited 1 branch of the dungeon, and saw 4 of its levels.

You collected 105 gold pieces.

Inventory:

Hand Weapons
 b - a +0 club
 d - a +0 dagger
 e - a +0 short sword
 k - a +3 mace (weapon)
Missiles
 i - 165 stones (quivered)
Armour
 a - a +0 robe (worn)
 l - a +0 chain mail
 r - a +0 pair of boots
Magical Staves
 u - a staff of death
Jewellery
 t - a ring of poison resistance
Scrolls
 c - a scroll of magic mapping {unknown}
 h - a scroll of teleportation {unknown}
 q - a scroll of enchant weapon {unknown}
Potions
 f - 2 potions of lignification {unknown}
 g - 3 potions of experience
 m - a potion of cancellation {unknown}
 n - 3 potions of curing {unknown}
 o - 2 potions of attraction {unknown}
 p - 2 potions of heal wounds {unknown}
 s - a potion of brilliance {unknown}


   Skills:
 - Level 1.8 Dodging
 + Level 3.7 Stealth
 + Level 3.0 Spellcasting
 + Level 2.1 Conjurations
 + Level 3.5 Fire Magic
 * Level 1.3 Invocations


You had 9 spell levels left.
You knew the following spells:

 Your Spells              Type           Power      Damage    Failure   Level
a - Foxfire               Conj/Fire      48%        2x1d6     5%          1

Your spell library contained the following spells:

 Spells                   Type           Power      Damage    Failure   Level
 Conjure Flame            Conj/Fire      12%        6-21      16%         3
 Beastly Appendage        Tmut           4%         N/A       17%         1
 Wereblood                Tmut           2%         N/A       26%         2
 Inner Flame              Hex/Fire       8%         N/A       26%         3
 Confusing Touch          Hex            2%         N/A       45%         3
 Gell's Gravitas          Tloc           1%         N/A       45%         3
 Spider Form              Tmut/Pois      1%         N/A       45%         3
 Sticky Flame             Conj/Fire      12%        2d4       47%         4
 Fireball                 Conj/Fire      6%         3d5       83%         5
 Ice Form                 Ice/Tmut       2%         N/A       86%         4
 Petrify                  Tmut/Erth      2%         N/A       86%         4
 Blade Hands              Tmut           1%         N/A       99%         5
 Metabolic Englaciation   Hex/Ice        1%         N/A       99%         5
 Yara's Violent Unravell  Hex/Tmut       1%         3d3       99%         5


Dungeon Overview and Level Annotations

Branches:
Dungeon (4/15)
 Temple: D:4-7

Altars:
Hepliaklqana
Nemelex Xobeh
Trog
Uskayaw


Innate Abilities, Weirdness & Mutations

You have a somewhat thin skeletal structure. (Dex +2, Stealth)
Your demonic aura sometimes causes spilled blood to erupt in flames You sometimes gain a little power by taking damage.


Message History

Attack!
Your hell hound barely misses the orc wizard.
The orc wizard barely misses your hell hound.
Your hell hound barely misses the orc wizard.
Something hits your hell hound but does no damage.
Casting: Foxfire (safe; 5% risk of failure)
Confirm with . or Enter, or press ? or * to list all spells.
You conjure some foxfire!
The foxfire hits the hellwing.
The hellwing is moderately wounded.
The foxfire hits the hellwing but does no damage.
The hellwing is moderately wounded.
The hellwing swoops through the air toward you!
The hellwing hits you. The hellwing misses you.
You completely miss the hellwing.
The hellwing is moderately wounded.
The hellwing misses you. The hellwing barely misses you.
Casting: Foxfire (safe; 5% risk of failure)
Confirm with . or Enter, or press ? or * to list all spells.
You conjure some foxfire!
The hellwing closely misses you. The hellwing hits you!
You focus on the pain.
You feel your power returning.
The orc wizard gestures at you while chanting.
The magic dart hits your hell hound.
The foxfire hits the hellwing but does no damage.
The hellwing is moderately wounded.
The foxfire hits the hellwing but does no damage.
The hellwing is moderately wounded.
Your hell hound breathes flames at the orc wizard.
The blast of flame hits the orc wizard! x2
The orc wizard dies!
The hellwing hits you!
* * * LOW HITPOINT WARNING * * *
The hellwing misses you.
Your hell hound bites the orc wizard!
The orc wizard dies!
As you read the scroll labelled HEKUT IPSEF, it crumbles to dust.
It is a scroll of identify.
g - 3 potions of experience The hellwing hits you!
You die...
Your body disappears without a glow.

###..# #..# #..# # #..# ##
.##### #..# .###....# #..#
#.#..##.#
#..########....##.#
###............#.##.#
......########..@...#
####...........4.h.○########
##...######.........)...o(#
##.....## #.#......######(#
........# #.#..........# ○#
.............#.#.######.# o#
.⌠......#### #.#.# .#
.......## #.#.# o# ......##
#.#.# .#


You could see a hellwing (summoned, ally target) and a friendly hell hound
(summoned, catching breath).

Vanquished Creatures
  An orc priest (D:4)
  7 adders
  2 oozes
  4 dart slugs
  4 worms
  A leopard gecko (D:2)
  2 ball pythons (D:2)
  9 bats
  2 giant cockroaches
  5 goblins
  10 hobgoblins
  10 kobolds
  4 frilled lizards
  8 rats
69 creatures vanquished.

Vanquished Creatures (collateral kills)
  2 orc wizards (D:4)
  A foxfire (D:2)
3 creatures vanquished.

Vanquished Creatures (others)
  A rat (D:2)
  107 foxfires
108 creatures vanquished.

Grand Total: 180 creatures vanquished

Notes
Turn   | Place    | Note
-------+----------+-------------------------------------------
     0 | D:1      | jestyr24 the Demonspawn Fire Elementalist began the quest
                  | for the Orb.
     0 | D:1      | Reached XP level 1. HP: 13/13 MP: 3/3
   347 | D:1      | Gained mutation: You have a somewhat thin skeletal
                  | structure. (Dex +2, Stealth) [demonic ancestry]
   347 | D:1      | Reached XP level 2. HP: 19/19 MP: 0/5
  1338 | D:2      | Gained mutation: You sometimes gain a little power by
                  | taking damage. [demonic ancestry]
  1338 | D:2      | Reached XP level 3. HP: 23/24 MP: 3/6
  1431 | D:2      | Found a bloodstained altar of Trog.
  1606 | D:2      | Found a faded altar of an unknown god.
  1650 | D:2      | Found a faded altar of an unknown god.
  1650 | D:2      | Found a hazy altar of Hepliaklqana.
  1669 | D:2      | Became a worshipper of Nemelex Xobeh the Trickster
  1669 | D:2      | Reached * piety under Nemelex Xobeh
  1750 | D:2      | Received a gift from Nemelex Xobeh
  2104 | D:2      | Found a hide-covered altar of Uskayaw.
  2107 | D:2      | Gained mutation: Your demonic aura sometimes causes spilled
                  | blood to erupt in flames [demonic ancestry]
  2107 | D:2      | Reached XP level 4. HP: 30/30 MP: 5/7
  2282 | D:2      | Found a sparkling altar of Nemelex Xobeh.
  2853 | D:3      | Reached ** piety under Nemelex Xobeh
  3276 | D:3      | Received a gift from Nemelex Xobeh
  3326 | D:3      | Reached XP level 5. HP: 35/35 MP: 9/9
  3867 | D:3      | Received a gift from Nemelex Xobeh
  3959 | D:4      | Reached skill level 1 in Invocations
  3959 | D:4      | Noticed a hellwing
  3977 | D:4      | Slain by a hellwing

Illustrated notes

Levels and vault maps discovered:
D:1:      kennysheep_arrival_seaside, layout_loops_ring
D:2:      layout_loops_ring, nemelex_xobeh_ov_fountains_minmay,
          nicolae_hepliaklqana_ecumenical_no_more, nicolae_uskayaw_dance_hall,
          bloody_trog, minmay_tripent
D:3:      layout_loops_cross
D:4:      layout_loops_ring, ebering_ghost_inner_flame, grunt_ministairs_2,
          minivault_23

Skill      XL: |  1  2  3  4  5 |
---------------+----------------+-----
Stealth        | 2 3 |  3.7
Fire Magic     | 3 |  3.5
Spellcasting   | 3 |  3.0
Conjurations   | 2 |  2.1
Invocations    | 1 |  1.3
Dodging        | |  1.8

Action                   |  1- 3 |  4- 6 || total
-------------------------+-------+-------++-------
Melee: Club              |    23 |       ||    23
       Unarmed           |     2 |       ||     2
       Dagger            |    14 |       ||    14
       Mace              |    23 |    45 ||    68
Throw: Stone             |       |     7 ||     7
 Cast: Foxfire           |    30 |    36 ||    66
Invok: Draw Destruction  |       |     1 ||     1
       Draw Summoning    |       |     1 ||     1
  Use: Scroll            |       |     1 ||     1
 Stab: Sleeping          |     9 |     7 ||    16
Armor: Robe              |    12 |    16 ||    28
Dodge: Dodged            |    55 |    44 ||    99

Table legend: (Time is in decaauts)
 A = Elapsed time spent in this place.
 B = Non-inter-level travel time spent in this place.
 C = Inter-level travel time spent in this place.
 D = Time resting spent in this place.
 E = Time spent auto-exploring this place.
 F = Levels seen in this place.
 G = Mean time per level.
                   A        B        C        D        E       F      G
               +--------+--------+--------+--------+--------+-----+--------+
         Total |   4012 |   3944 |     68 |   1159 |   2027 |   4 | 1003.0 |
       Dungeon |   4012 |   3944 |     68 |   1159 |   2027 |   4 | 1003.0 |
               +--------+--------+--------+--------+--------+-----+--------+

Top non-repeatable levels by time:
     D:2: 1517 daAuts
     D:1: 1299 daAuts
     D:3: 1131 daAuts
     D:4: 64 daAuts
